Map: Romanticide LE

Players

Kas

  • Race: Terran Terran
  • League: Grandmaster

uwuThermal (uThermal) - Winner!

  • Race: Terran Terran
  • League: Master

Event: DreamHack SC2 Masters 2021 Summer

VOD

Have the link to the VOD?

Description

Time

  • Played on: May 21, 2021, 12:40 p.m.
  • Length: 12:32

All games in this series

Show
View Real Time Build Order
Export as new Build Order

Kas Terran 

Build Orders: Cyclone Opening 

Get SALT Encoding   

  12  0:00  SCV  
  13  0:12  SCV  
  14  0:17  Supply Depot  
  14  0:24  SCV  
  15  0:38  SCV  
  15  0:39  Barracks  
  16  0:44  Refinery  
  16  0:51  SCV  
  16  0:52  Refinery  
  17  1:03  SCV  
  18  1:15  SCV  
  19  1:26  Reaper  
  19  1:27  Orbital Command  
  19  1:28  Supply Depot  
  20  1:42  Factory  
  20  1:53  SCV  
  21  2:00  Reaper  
  22  2:05  SCV  
  23  2:17  SCV  
  24  2:25  Factory Tech Lab  
  24  2:28  Command Center  
  25  2:30  SCV  
  25  2:34  Barracks Reactor  
  25  2:41  Supply Depot  
  25  2:42  SCV  
  26  2:45  Cyclone  
  29  2:54  SCV  
  29  2:57  Starport  
  30  3:06  SCV  
  30  3:11  Marine x2  
  32  3:18  SCV  
  33  3:20  Refinery  
  33  3:22  Cyclone  
  36  3:29  Marine  
  36  3:30  SCV, Marine  
  39  3:39  Medivac  
  41  3:42  Orbital Command  
  41  3:44  SCV  
  42  3:50  Marine x2  
  44  3:56  SCV  
  44  3:58  Siege Tank  
  48  4:08  SCV  
  48  4:09  SCV  
  50  4:11  Starport Tech Lab  
  50  4:15  Marine, Supply Depot  
  50  4:16  Marine  
  52  4:20  SCV  
  52  4:21  SCV  
  54  4:27  Supply Depot  
  54  4:36  SCV x2, Raven, Siege Tank  
  61  4:48  SCV, Marine x2  
  61  4:52  SCV  
  65  4:56  Command Center  
  65  5:05  SCV  
  66  5:07  Marine x2  
  66  5:10  SCV  
  66  5:14  Supply Depot x2  
  69  5:22  Siege Tank  
  72  5:35  SCV x2  
  72  5:37  Supply Depot  
  72  5:39  Refinery  
  72  5:40  Marine, Viking x2, Stimpack  
  77  5:47  SCV x2  
  79  5:56  Siege Tank  
  82  6:00  SCV x2, Marine  
  82  6:01  Barracks  
  82  6:03  Barracks  
  85  6:10  Orbital Command  
  85  6:12  SCV x2  
  85  6:18  Marine, Viking  
  87  6:20  Viking  
  87  6:24  SCV x2  
  94  6:31  Siege Tank  
  96  6:33  Orbital Command  
  96  6:36  SCV  
  97  6:40  SCV  
  97  6:42  Marine, Engineering Bay x2  
  97  6:44  Supply Depot  
  97  6:45  Supply Depot  
  99  6:48  Barracks Reactor, SCV  
  99  6:50  Barracks Reactor  
  99  6:51  Viking  
  99  6:52  SCV, Viking  
  105  6:59  SCV  
  105  7:00  SCV  
  107  7:04  SCV  
  107  7:05  Marine, Siege Tank  
  112  7:09  Barracks  
  112  7:10  Barracks  
  112  7:11  SCV  
  112  7:12  Supply Depot  
  112  7:14  Supply Depot  
  113  7:16  SCV  
  113  7:18  Terran Infantry Armor Level 1, Terran Infantry Weapons Level 1  
  114  7:24  SCV  
  114  7:26  Marine x3, Medivac x2  
  114  7:27  Marine  
  123  7:30  SCV  
  123  7:32  Marine, Combat Shield  
  123  7:34  SCV  
  126  7:39  Refinery  
  126  7:40  Bunker  
  126  7:42  SCV, Supply Depot  
  127  7:44  SCV, Marine  
  127  7:47  SCV  
  127  7:51  Armory  
  130  7:54  SCV  
  130  7:56  SCV  
  120  8:09  Marine  
  120  8:10  Marine x3  
  120  8:11  Barracks Reactor  
  120  8:12  Siege Tank  
  102  8:15  Barracks Tech Lab  
  102  8:16  SCV  
  102  8:18  SCV x2  
  105  8:23  Marauder  
  105  8:24  Refinery  
  105  8:26  Viking x2  
  111  8:28  SCV  
  111  8:29  Command Center  
  112  8:36  Starport, SCV x2  
  112  8:37  Barracks Tech Lab  
  112  8:39  Barracks Reactor  
  114  8:42  Marauder  
  114  8:43  SCV  
  114  8:45  Starport, Marauder  
  119  8:49  Missile Turret  
  119  8:51  SCV  
  119  8:52  Marine x2  
  119  8:53  SCV  
  124  8:55  SCV  
  124  9:04  Marauder  
  124  9:06  Viking  
  124  9:07  Viking  
  130  9:11  SCV x3  
  130  9:14  Marauder x2, Marine x2  
  130  9:15  Viking x2  
  143  9:18  Fusion Core  
  143  9:21  Refinery  
  143  9:23  SCV x2, Terran Ship Weapons Level 1  
  145  9:25  Refinery  
  145  9:29  Supply Depot  
  145  9:34  Supply Depot  
  145  9:35  Liberator, Supply Depot  
  145  9:36  Supply Depot  
  148  9:40  Viking  
  148  9:42  Orbital Command  
  150  9:47  Viking x2  
  154  9:53  Missile Turret, Viking  
  154  9:57  Missile Turret  
  153  10:02  Liberator  
  153  10:06  Advanced Ballistics  
  156  10:09  Command Center  
  156  10:11  Marauder x2  
  156  10:13  Marauder, Marine x4  
  166  10:16  Viking  
  168  10:24  Viking  
  168  10:25  Missile Turret, Viking  
  172  10:30  Marine  
  172  10:32  Marauder  
  172  10:34  Marauder x2, Marine x2  
  172  10:35  Viking x2  
  185  10:38  Supply Depot  
  185  10:45  Viking x2  
  189  10:57  Missile Turret  
  182  11:05  Liberator x2  
  182  11:07  Marauder x2, Marine x2  
  182  11:09  Marauder  
  138  11:11  Viking x2  
  138  11:14  Marine  
  140  11:19  Liberator, Marine  
  140  11:20  Liberator  
  140  11:25  Marine  
  126  11:29  Marauder x2  
  126  11:30  Marine  
  126  11:31  Marauder  
  126  11:32  Marine  
  133  11:37  Marine  
  126  11:41  Liberator  
  126  11:43  Marine  
  117  11:50  Marauder x2  
  117  11:52  Marauder  
  114  12:00  SCV x2  
  110  12:01  Orbital Command  
  97  12:10  SCV  
  97  12:12  SCV x2  
Show
View Real Time Build Order
Export as new Build Order

uwuThermal Terran - Winner!

Build Orders: Reaper Expand, Mech 

Get SALT Encoding   

  12  0:00  SCV  
  13  0:12  SCV  
  14  0:17  Supply Depot  
  14  0:24  SCV  
  15  0:38  SCV  
  15  0:40  Barracks  
  16  0:43  Refinery  
  16  0:50  SCV  
  17  1:03  SCV  
  18  1:15  SCV  
  19  1:27  Reaper, Orbital Command  
  19  1:29  Supply Depot  
  20  1:49  Command Center  
  20  1:53  SCV  
  21  1:59  Reaper  
  22  2:05  SCV  
  23  2:18  SCV  
  24  2:25  Command Center  
  24  2:30  SCV  
  24  2:36  Factory  
  25  2:39  Barracks Reactor  
  25  2:42  SCV  
  26  2:45  Refinery  
  26  2:54  SCV  
  27  3:06  SCV  
  27  3:07  Orbital Command  
  28  3:16  Marine x2  
  28  3:18  SCV  
  28  3:19  Starport  
  31  3:23  Bunker  
  31  3:26  Factory Tech Lab  
  31  3:28  Orbital Command  
  31  3:30  SCV  
  32  3:34  Marine x2  
  32  3:40  Orbital Command  
  34  3:42  SCV  
  35  3:52  Refinery  
  35  3:53  Refinery, SCV  
  35  3:54  SCV  
  37  3:56  Marine x2  
  37  3:58  Factory Tech Lab  
  37  4:02  Raven  
  41  4:06  SCV x2  
  41  4:09  SCV  
  44  4:18  SCV x2, Cyclone  
  44  4:19  Marine  
  44  4:21  Marine  
  44  4:23  SCV  
  52  4:27  Supply Depot  
  52  4:30  SCV  
  53  4:32  SCV, Supply Depot  
  53  4:36  Marine  
  55  4:38  Marine  
  55  4:39  SCV  
  55  4:45  Raven  
  58  4:51  Siege Tank  
  59  4:53  SCV x2  
  59  4:54  Marine  
  59  4:56  SCV, Marine  
  64  5:05  SCV x2, Orbital Command  
  65  5:16  Marine x2  
  65  5:17  SCV x2  
  67  5:23  Siege Tank  
  70  5:29  SCV x2  
  70  5:33  SCV  
  73  5:35  Refinery  
  73  5:41  SCV x2  
  75  5:44  Factory  
  75  5:46  SCV  
  75  5:48  Barracks Reactor, Factory, Supply Depot x2  
  76  5:51  Viking x2  
  76  5:52  Refinery  
  76  5:53  SCV x2  
  82  5:58  Siege Tank  
  82  6:02  Engineering Bay  
  85  6:10  SCV x3  
  88  6:20  Supply Depot  
  88  6:22  SCV x3  
  88  6:23  Viking x2  
  95  6:29  Siege Tank  
  95  6:30  Siege Tank  
  101  6:34  Supply Depot  
  101  6:35  Supply Depot  
  101  6:41  SCV x2  
  101  6:44  Hellion x2  
  101  6:45  SCV  
  106  6:47  Sensor Tower  
  106  6:53  SCV, Supply Depot  
  107  6:55  Viking x2  
  110  7:03  Armory, Siege Tank  
  110  7:04  SCV  
  110  7:05  Armory  
  114  7:09  Siege Tank  
  114  7:10  Hellion  
  114  7:11  SCV x2  
  114  7:15  Supply Depot  
  121  7:17  Supply Depot  
  121  7:19  Supply Depot  
  121  7:20  SCV  
  120  7:25  SCV  
  120  7:28  Viking  
  120  7:29  Viking  
  125  7:30  Hellion  
  125  7:34  SCV  
  125  7:35  Missile Turret  
  125  7:36  Missile Turret  
  128  7:38  Siege Tank  
  128  7:40  SCV  
  128  7:42  Missile Turret  
  128  7:43  Supply Depot  
  132  7:45  Siege Tank  
  137  7:51  Hellion  
  137  7:52  Hellion  
  137  7:57  SCV, Terran Vehicle And Ship Armor Level 1  
  130  8:07  Viking  
  130  8:08  SCV, Viking  
  130  8:10  SCV  
  130  8:11  Hellion  
  130  8:12  Hellion  
  130  8:16  SCV  
  130  8:17  Siege Tank  
  130  8:19  Command Center  
  136  8:20  Hellion, Terran Vehicle Weapons Level 1  
  136  8:26  Factory, Infernal Pre-Igniter  
  136  8:27  Factory  
  136  8:28  Smart Servos  
  136  8:30  SCV  
  137  8:40  Missile Turret  
  137  8:41  Missile Turret  
  137  8:42  Viking  
  137  8:43  Missile Turret  
  137  8:45  Missile Turret  
  137  8:46  Viking  
  141  8:49  Siege Tank  
  141  8:52  Hellion  
  141  8:54  Hellion  
  148  9:01  Supply Depot  
  143  9:11  Factory Tech Lab  
  143  9:13  Hellion, Factory Reactor  
  143  9:14  Missile Turret x2  
  143  9:15  Missile Turret  
  143  9:16  Viking  
  147  9:19  Viking  
  147  9:21  Siege Tank  
  147  9:23  Siege Tank  
  147  9:24  Hellion  
  154  9:34  SCV x2, Missile Turret  
  154  9:35  SCV, Hellion  
  159  9:39  Siege Tank  
  159  9:45  Hellion  
  164  9:46  Refinery, SCV x2  
  164  9:47  Refinery  
  164  9:48  Viking  
  164  9:49  Viking  
  164  9:51  Planetary Fortress  
  171  9:52  SCV  
  171  9:53  Siege Tank  
  171  9:59  Hellion, Siege Tank  
  179  10:03  Hellion x2  
  179  10:06  SCV  
  184  10:09  Terran Vehicle And Ship Armor Level 2  
  184  10:12  Supply Depot  
  184  10:17  Missile Turret  
  184  10:18  Missile Turret, Viking  
  184  10:20  Viking  
  188  10:22  Hellion  
  188  10:27  Hellion, Siege Tank  
  195  10:40  Command Center  
  195  10:46  Siege Tank  
  190  11:06  Thor x2  
  190  11:07  Hellion x3  
  190  11:08  Hellion x4  
  192  11:18  Thor  
  188  11:20  Viking x2  
  192  11:28  Command Center  
  192  11:29  Hellion x2  
  196  11:37  Hellion  
  192  11:43  Hellion  
  192  11:45  SCV  
  195  11:50  Hellion  
  197  11:57  SCV x2  
  198  12:03  Refinery x2  
  198  12:04  Hellion  
Tags
 
Add a new tag
Caveats
  • Supply blocks, unpowered buildings, or Contaminate may cause inaccurate times.
  • Supply counts are checked every 10 seconds.